 Dungeon Crawl Stone Soup version 0.28.0-45-g0d030f2227 (webtiles) character file.

Game seed: 12966968409249127515

15571 crimpus the Protected (level 12, -22/106 HPs)
             Began as a Minotaur Fighter on Apr 2, 2022.
             Was a High Priest of Okawaru.
             Killed from afar by Fannar (25 damage)
             ... with a bolt of cold
             ... on level 1 of the Orcish Mines.
             The game lasted 00:19:59 (11842 turns).

crimpus the Protected (Minotaur Fighter)           Turns: 11842, Time: 00:20:00

Health: -22/106    AC: 20    Str: 27    XL:     12   Next: 2%
Magic:  12/12      EV: 11    Int:  5    God:    Okawaru [*****.]
Gold:   721        SH: 10    Dex:  9    Spells: 11/11 levels left

rFire   + . .      SeeInvis .   B - +11 trident "Tuduhoirch" {venom, rF+ rN++}
rCold   . . .      Faith    .   o - +0 kite shield
rNeg    + + .      Spirit   .   C - +0 plate armour
rPois   .          Reflect  .   F - +2 hat
rElec   .          Harm     .   x - scarf {shadows}
rCorr   .          Rampage  .   u - +1 pair of gloves
Will    +....      Rage     1%  (no boots)
Stlth   ..........              e - amulet of regeneration
HPRegen 1.07/turn               p - ring of willpower
MPRegen 0.13/turn               m - +4 ring of evasion

@: mighty
A: horns 2, retaliatory headbutt, berserk 1, evolution 1
a: Renounce Religion, Heroism, Finesse, Duel


You were on level 1 of the Orcish Mines.
You worshipped Okawaru.
Okawaru was extremely pleased with you.
You visited 3 branches of the dungeon, and saw 12 of its levels.
You visited the Abyss 1 time.
You also visited: Sewer.

You collected 721 gold pieces.

Inventory:

Hand Weapons
 a - a +0 war axe
 n - the +8 whip "Voclofo" {venom, rElec Will+ Int-4 Stlth+}
   (You found it on level 2 of the Dungeon)

   It poisons the flesh of those it strikes.
   Int:       It affects your intelligence (-4).
   rElec:     It insulates you from electricity.
   Will:      It increases your willpower.
   Stlth:     It makes you more stealthy.
 B - the +11 trident "Tuduhoirch" (weapon) {venom, rF+ rN++}
   (You found it on level 9 of the Dungeon)

   It poisons the flesh of those it strikes.
   rF:        It protects you from fire.
   rN:        It greatly protects you from negative energy.
Armour
 o - a +0 kite shield (worn)
 u - a +1 pair of gloves (worn)
 x - a scarf of shadows (worn)
 C - a +0 plate armour (worn)
 F - a +2 hat (worn)
Jewellery
 c - a +4 ring of evasion
 e - an amulet of regeneration (around neck)
 m - a +4 ring of evasion (right hand)
 p - a ring of willpower (left hand)
 A - a ring of resist corrosion
Wands
 g - a wand of mindburst (10)
 D - a wand of flame (16)
 G - a wand of digging (3)
Scrolls
 h - 2 scrolls of magic mapping
 l - a scroll of blinking
 r - 2 scrolls of fear
 t - 2 scrolls of fog
 y - a scroll of enchant weapon
 E - a scroll of teleportation
Potions
 b - a potion of lignification
 d - 2 potions of might
 f - a potion of resistance
 i - 4 potions of curing
 j - 5 potions of haste
 k - a potion of mutation
 q - a potion of degeneration
Miscellaneous
 s - a phial of floods


   Skills:
 + Level 9.9 Fighting
 - Level 2.4(9.4) Axes
 - Level 12.2(12.3) Maces & Flails
 * Level 7.2(7.4) Polearms
 + Level 0.4 Throwing
 + Level 13.1 Armour
 - Level 4.0 Dodging
 + Level 9.4 Shields
 * Level 2.5 Invocations


You had 11 spell levels left.
You didn't know any spells.
Your spell library contained the following spells:

 Spells                   Type           Power      Damage    Failure   Level
 Pain                     Necr           0%         1d4       100%        1
 Corpse Rot               Necr/Air       0%         N/A       100%        2
 Ensorcelled Hibernation  Hex/Ice        0%         N/A       100%        2
 Passwall                 Tmut/Erth      0%         N/A       100%        2
 Gell's Gravitas          Tloc           0%         N/A       100%        3
 Lesser Beckoning         Tloc           0%         N/A       100%        3
 Swiftness                Air            0%         N/A       100%        3
 Teleport Other           Tloc           0%         N/A       100%        3
 Dispel Undead            Necr           0%         3d6       100%        4
 Agony                    Necr           0%         N/A       100%        5
 Excruciating Wounds      Necr           0%         N/A       100%        5
 Death Channel            Necr           Unusable   N/A       N/A         6

Dungeon Overview and Level Annotations

Branches:
Dungeon (10/15)            Temple (1/1) D:6            Lair (0/6) D:8
    Orc (1/2) D:9           Sewer (visited)

Altars:
Ashenzari
Dithmenos
Elyvilon
Gozag
Kikubaaqudgha
Nemelex Xobeh
Okawaru
Qazlal
Ru
Sif Muna
Vehumet
Xom
Yredelemnul

Shops:
D:9 =*

Annotations:
D:10 6 runed translucent doors
Orc:1 2 transporters, Fannar; Utson's ghost, journeyman OgFE


Innate Abilities, Weirdness & Mutations

You have a pair of horns on your head.
You reflexively headbutt those who attack you in melee.
You tend to lose your temper in combat.
You have hidden genetic potential.


Message History

Fannar hits you with a +0 quarterstaff of freezing!
Fannar freezes you.
You are too injured to fight recklessly!
Unknown command.
Unknown command.
Unknown command.
You are too injured to fight recklessly!
You are too injured to fight recklessly!
You completely miss Fannar. Your headbutt misses Fannar.
Fannar is moderately wounded.
You block Fannar's attack.
You hit Fannar.
Fannar looks as sick as possible!
Fannar is heavily wounded.
Fannar barely misses you.
You barely miss Fannar. Your headbutt misses Fannar.
Fannar is heavily wounded.
Fannar points at you and mumbles some strange words.
The bolt of cold misses you.
You hit Fannar but do no damage. Your headbutt misses Fannar.
Fannar is heavily wounded.
Fannar casts a spell.
Fannar drains the heat from the surrounding environment!
* * * LOW HITPOINT WARNING * * *
You hit Fannar.
Fannar looks as sick as possible!
You headbutt Fannar, but do no damage.
Fannar is severely wounded.
Fannar hits you but does no damage.
You feel very mighty all of a sudden. Fannar gestures at you while chanting.
The bolt of cold hits you!!
* * * LOW HITPOINT WARNING * * *
You completely miss Fannar.
Fannar is severely wounded.
Fannar completely misses you.
You puncture Fannar!
Fannar looks as sick as possible!
Fannar is almost dead.
Fannar murmurs some mystic words to themself.
Fannar points at you and mumbles some strange words.
The bolt of cold hits you!!
You die...

##.............©
##.............
#...............
##..............
###...........⌠
#.............
##............⌠
##..............
#........@e.....
##.......)......
##...#.........
##.###.##.##.#
### ### ## #


You could see Fannar (extremely poisoned).

Vanquished Creatures
  Gastronok (D:8)
  An orc warlord (D:9)
  A death knight (D:10)
  An orc knight (D:10)
  A wizard (D:10)
  A deep elf pyromancer (D:10)
  3 ugly things (D:10)
  A cyclops (Orc:1)
  Maggie (D:6)
  An unseen horror (D:10)
  An efreet (D:10)
  A freezing wraith (D:10)
  A troll (D:9)
  An ice devil (Abyss:1)
  2 hornets
  Grinder (D:4)
  A slime creature (D:10)
  A shadow (D:9)
  Sigmund (D:6)
  A spriggan (shapeshifter) (D:10)
  A wyvern (D:9)
  12 yaks
  3 steam dragons
  A warg (Orc:1)
  2 acid dragons
  Duvessa (D:4)
  A water moccasin (D:7)
  2 ice beasts
  2 necrophages
  9 orc warriors
  3 ogres
  6 centaurs
  5 kobold brigands
  2 bullfrogs
  4 gnoll sergeants
  3 scorpions
  Dowan (D:4)
  A small abomination (Abyss:1)
  10 killer bees
  8 wights
  4 centaur zombies
  7 starcursed masses (Abyss:1)
  A bullfrog skeleton (D:6)
  3 hounds
  6 orc priests
  Crazy Yiuf (D:3)
  A jelly (D:6)
  A centaur skeleton (D:6)
  3 iguanas (D:5)
  8 orc wizards
  A killer bee zombie (D:8)
  A hound zombie (D:5)
  A howler monkey skeleton (D:5)
  8 adders
  19 gnolls
  5 river rats
  2 shadow imps
  An ufetubus (D:6)
  An adder zombie (D:5)
  2 adder skeletons (D:4)
  2 worms (D:5)
  3 dart slugs
  39 orcs
  6 bats
  7 endoplasms
  2 giant cockroaches
  7 goblins
  5 hobgoblins
  3 jackals (Sewer)
  16 kobolds
  3 quokkas
  4 ball pythons
  5 frilled lizards (Sewer)
  9 rats
287 creatures vanquished.

Vanquished Creatures (others)
  An orc wizard (D:9)
  9 plants (Sewer)
10 creatures vanquished.

Grand Total: 297 creatures vanquished

Notes
Turn   | Place    | Note
-------+----------+-------------------------------------------
     0 | D:1      | crimpus the Minotaur Fighter began the quest for the Orb.
     0 | D:1      | Reached XP level 1. HP: 19/19 MP: 0/0
   185 | D:1      | Found a faded altar of an unknown god.
   318 | D:1      | Reached XP level 2. HP: 27/27 MP: 1/1
   349 | D:1      | Reached skill level 4 in Armour
  1093 | D:2      | Identified the +8 whip "Voclofo" {venom, rElec Will+ Int-4
                  | Stlth+}
  1438 | D:3      | Reached XP level 3. HP: 33/33 MP: 2/2
  1656 | D:3      | Found a runed translucent door.
  1657 | D:3      | Noticed Crazy Yiuf
  1844 | D:3      | Reached XP level 4. HP: 37/40 MP: 3/3
  1848 | D:3      | Reached skill level 5 in Armour
  2366 | D:3      | Killed Crazy Yiuf
  2367 | D:3      | Reached skill level 1 in Maces & Flails
  2378 | D:3      | Identified a scroll of acquirement
  2378 | D:3      | Acquired an amulet of regeneration
  2856 | D:4      | Noticed Grinder
  2861 | D:4      | Reached XP level 5. HP: 47/47 MP: 4/4
  2869 | D:4      | Killed Grinder
  2870 | D:4      | Reached skill level 6 in Armour
  2870 | D:4      | Reached skill level 1 in Dodging
  2870 | D:4      | Reached XP level 6. HP: 53/53 MP: 5/5
  3282 | D:4      | Reached XP level 7. HP: 60/60 MP: 6/6
  3403 | D:4      | Noticed Duvessa
  3405 | D:4      | Noticed Dowan
  3414 | D:4      | Killed Duvessa
  3415 | D:4      | Reached skill level 5 in Fighting
  3415 | D:4      | Reached skill level 7 in Armour
  3415 | D:4      | Reached skill level 5 in Shields
  3422 | D:4      | Killed Dowan
  3454 | D:5      | Entered Level 5 of the Dungeon
  3571 | D:5      | Reached skill level 5 in Maces & Flails
  3665 | D:5      | Found a glowing drain.
  3672 | Sewer    | Entered a sewer
  4237 | Sewer    | Reached XP level 8. HP: 66/69 MP: 7/7
  4542 | D:5      | Reached skill level 8 in Armour
  5393 | D:6      | Noticed a hornet
  5398 | D:6      | Paralysed by a hornet for 1 turns
  5406 | D:6      | Killed a hornet
  5639 | D:6      | Noticed Sigmund
  5647 | D:6      | Killed Sigmund
  5695 | D:6      | Reached skill level 9 in Armour
  5704 | D:6      | Reached XP level 9. HP: 64/78 MP: 8/8
  5766 | D:6      | Found a shimmering altar of Xom.
  6029 | D:6      | Found a broken altar of Ashenzari.
  6043 | D:6      | Noticed Maggie
  6050 | D:6      | Cast into level 1 of the Abyss (Maggie)
  6131 | Abyss:1  | Noticed a tentacled starspawn
  6175 | Abyss:1  | Noticed an ice devil
  6189 | Abyss:1  | Killed an ice devil
  6237 | Abyss:1  | Noticed a starcursed mass
  6260 | Abyss:1  | Killed a starcursed mass
  6272 | Abyss:1  | Killed a starcursed mass
  6276 | Abyss:1  | Killed a starcursed mass
  6283 | D:6      | Escaped the Abyss
  6295 | D:6      | Killed Maggie
  6561 | D:6      | Found a staircase to the Ecumenical Temple.
  6570 | Temple   | Entered the Ecumenical Temple
  6585 | Temple   | Became a worshipper of Warmaster Okawaru
  7235 | D:7      | Reached skill level 10 in Armour
  7405 | D:7      | Reached * piety under Okawaru
  7692 | D:8      | Reached skill level 10 in Maces & Flails
  7702 | D:8      | Reached XP level 10. HP: 88/88 MP: 9/9
  7705 | D:8      | Reached ** piety under Okawaru
  7900 | D:8      | Found an opulent altar of Gozag.
  8087 | D:8      | Noticed Gastronok
  8104 | D:8      | Killed Gastronok
  8105 | D:8      | Reached skill level 11 in Armour
  8164 | D:8      | Reached *** piety under Okawaru
  8515 | D:8      | Found a staircase to the Lair.
  8631 | D:8      | Found a sacrificial altar of Ru.
  9147 | D:9      | Found Buischokh's General Store.
  9200 | D:9      | Found a radiant altar of Vehumet.
  9336 | D:9      | Found Upoguow's Jewellery Emporium.
  9398 | D:9      | Found a staircase to the Orcish Mines.
  9431 | D:9      | Reached **** piety under Okawaru
  9467 | D:9      | Reached XP level 11. HP: 58/95 MP: 10/10
  9697 | D:9      | Identified the +11 trident "Tuduhoirch" {venom, rF+ rN++}
  9741 | D:9      | Found an ancient bone altar of Kikubaaqudgha.
  9776 | D:9      | Found a shimmering blue altar of Sif Muna.
  9956 | D:10     | Entered Level 10 of the Dungeon
  9991 | D:10     | Reached skill level 1 in Polearms
 10003 | D:10     | Reached skill level 12 in Armour
 10165 | D:10     | Reached ***** piety under Okawaru
 10185 | D:10     | Found a runed translucent door.
 10185 | D:10     | Noticed a centaur warrior
 10185 | D:10     | Noticed a deep elf pyromancer
 10195 | D:10     | Noticed an orc knight
 10199 | D:10     | Killed a deep elf pyromancer
 10199 | D:10     | Identified the +3 trident "Maysuill" {holy, rF+ MP+9 Int-4}
                  | (Okawaru gifted it to you on level 10 of the Dungeon)
 10199 | D:10     | Received a gift from Okawaru
 10205 | D:10     | Killed an orc knight
 10377 | D:10     | Noticed a death knight
 10382 | D:10     | Noticed a white ugly thing
 10385 | D:10     | Killed a death knight
 10386 | D:10     | Reached skill level 5 in Polearms
 10386 | D:10     | Reached skill level 1 in Invocations
 10390 | D:10     | Identified the +1 dire flail "Jacoist" {vorpal, SInv}
 10390 | D:10     | Noticed a wizard
 10391 | D:10     | Noticed a green ugly thing
 10392 | D:10     | Noticed a green ugly thing
 10393 | D:10     | Killed a white ugly thing
 10396 | D:10     | Found a runed translucent door.
 10396 | D:10     | Found a runed translucent door.
 10396 | D:10     | Noticed a two-headed ogre
 10396 | D:10     | Noticed a centaur warrior
 10568 | D:10     | Gained mutation: You tend to lose your temper in combat.
                  | [potion of mutation]
 10568 | D:10     | Gained mutation: You have hidden genetic potential. [potion
                  | of mutation]
 10640 | D:10     | Found a runed translucent gate.
 10640 | D:10     | Found a runed translucent gate.
 10640 | D:10     | Found a runed translucent gate.
 10640 | D:10     | Noticed a cyan ugly thing
 10641 | D:10     | Noticed a purple ugly thing
 10641 | D:10     | Noticed a glowing orange brain
 10641 | D:10     | Noticed a white ugly thing
 10642 | D:10     | Noticed a green ugly thing
 10645 | D:10     | Noticed a purple ugly thing
 10660 | D:10     | Killed a wizard
 10857 | D:10     | Noticed a dire elephant
 10857 | D:10     | Noticed an iron troll
 10857 | D:10     | a dire elephant changed into an iron troll
 10865 | D:10     | Noticed a stone giant
 10865 | D:10     | an iron troll changed into a stone giant
 10866 | D:10     | Noticed a caustic shrike
 10866 | D:10     | a stone giant changed into a caustic shrike
 10868 | D:10     | Noticed an iron giant
 10868 | D:10     | a caustic shrike changed into an iron giant
 10938 | D:10     | Killed a green ugly thing
 10942 | D:10     | Killed a cyan ugly thing
 11176 | D:10     | Noticed a catoblepas
 11222 | Orc:1    | Entered Level 1 of the Orcish Mines
 11250 | Orc:1    | Noticed an orc warlord
 11546 | D:9      | Killed an orc warlord
 11546 | D:9      | Received a gift from Okawaru
 11547 | D:9      | Reached skill level 13 in Armour
 11726 | Orc:1    | Reached XP level 12. HP: 106/106 MP: 12/12
 11768 | Orc:1    | Found a transporter.
 11768 | Orc:1    | Noticed Utson's ghost (journeyman OgFE)
 11770 | Orc:1    | Noticed an orc high priest
 11777 | Orc:1    | Found a transporter.
 11827 | Orc:1    | Noticed Fannar
 11840 | Orc:1    | HP: 1/106 [Fannar/bolt of cold (26)]
 11842 | Orc:1    | Killed from afar by Fannar

Illustrated notes

Levels and vault maps discovered:
D:1:      minmay_arrival_stair_chambers, layout_loops_ring,
          ebering_ecumenical_altar_abandoned
D:2:      layout_loops_ring
D:3:      layout_loops_ring, uniq_crazy_yiuf_cottage
D:4:      layout_basic, hangedman_abyss_or_decor_lesser_grid, uniq_duvessa,
          uniq_grinder
D:5:      layout_layer_cave, lightli_sewer_entry_pipes
D:6:      minmay_angry_zag, layout_loops_ring, evilmike_ruin_ashenzari,
          nicolae_overflow_hidden_temple, minmay_temple_entry_antechambers,
          corner_web_ring, uniq_sigmund, uniq_maggie
D:7:      layout_basic
D:8:      layout_basic, nicolae_gozag_cash_rules_everything_around_me,
          nicolae_ru_path_of_blood, lair_entry_dummy, uniq_gastronok
D:9:      layout_basic, mainiacjoe_overflow_24_doors,
          mainiacjoe_overflow_two_lobes, kennysheep_orc_monster_closet_entryway,
          serial_shops, nicolae_shop_behind_doors, shop, minivault_26,
          kennysheep_generic_room_4
D:10:     minmay_the_grid_triangle_9x9_rhombus_thin
          [minmay_the_grid_triangle_9x9_fully_insulated_deathbox,
          minmay_the_grid_triangle_9x9_prize_insulated,
          minmay_the_grid_triangle_9x9_stretched_checkered,
          minmay_the_grid_triangle_9x9_steps], layout_cave_pools,
          ploomutoo_gammafunk_ghost_potion_laboratory
Temple:   nicolae_temple_god_jail
Orc:1:    layout_caves, gammafunk_ghost_arena, serial_shops, shop_fountains,
          minmay_orc_barracks, uniq_fannar

Skill      XL: |  1  2  3  4  5  6  7  8  9 10 11 |
---------------+----------------------------------+-----
Armour         | 4 5 6 7 9 10 11 13 | 13.1
Shields        | 4 5 7 8 9 |  9.4
Fighting       | 4 5 6 7 8 9 |  9.9
Maces & Flails | 1 3 4 5 7 10 12 | 12.2
Dodging        | 1 2 3 4 |  4.0
Polearms       | 7 |  7.2
Invocations    | 2 |  2.5
Axes           | |  2.4
Throwing       | |  0.4

Action                   |  1- 3 |  4- 6 |  7- 9 | 10-12 || total
-------------------------+-------+-------+-------+-------++-------
Melee: War axe           |    36 |       |       |       ||    36
       Headbutt          |     9 |     6 |    59 |    79 ||   153
       Whip              |    32 |    42 |   343 |   219 ||   636
       Trident           |       |       |       |   223 ||   223
Throw: Throwing net      |       |       |       |     1 ||     1
  Use: Scroll            |       |     7 |     1 |    10 ||    18
       Potion            |       |     1 |     4 |     4 ||     9
 Stab: Invisible         |       |       |     1 |       ||     1
Armor: Scale mail        |    23 |    11 |    34 |       ||    68
       Plate armour      |       |       |    38 |   201 ||   239
Dodge: Dodged            |    30 |    24 |   138 |   155 ||   347
Block: Buckler           |    13 |     7 |    51 |    37 ||   108
       Kite shield       |       |       |       |   101 ||   101
